 Dungeon Crawl Stone Soup version 0.31-a0-234-gad7ace16ef (webtiles) character file.

Game seed: 15985950328521574052

325 qw the Shooter (level 6, 0/37 HPs)
             Began as a Gargoyle Hexslinger on July 9, 2023.
             Slain by a yak (2 damage)
             ... on level 4 of the Dungeon.
             The game lasted 00:01:03 (2276 turns).

qw the Shooter (Gargoyle Hexslinger)                Turns: 2276, Time: 00:01:04

Health: 0/37       AC:  9    Str: 12    XL:     6   Next: 48%
Magic:  7/7        EV: 10    Int: 13    God:
Gold:   57         SH:  0    Dex: 14    Spells: 6/7 levels left

rFire   . . .        d - +0 shortbow
rCold   + . .        (shield currently unavailable)
rNeg    + . .        h - +0 ring mail
rPois   inf          (no helmet)
rElec   +            (no cloak)
rCorr   .            (no gloves)
SInv    .            (no boots)
Will    .....        (no amulet)
Stlth   +            e - ring of protection from cold
HPRegen 0.26/turn    f - +4 ring of slaying {mikee}
MPRegen 0.10/turn

%: no passive effects
@: no status effects
A: sickness immunity, AC +4, negative energy resistance 1, electricity
resistance, torment resistance 1, petrification resistance
a: no special abilities


You were on level 4 of the Dungeon.
You visited 2 branches of the dungeon, and saw 5 of its levels.

You collected 84 gold pieces.
You spent 27 gold pieces at shops.


Innate Abilities, Weirdness & Mutations

You are immune to sickness and miasma.
Your stone body is resilient. (AC +4)
You are immune to poison.
You resist negative energy. (rN+)
You are resistant to electric shocks. (rElec)
You are resistant to unholy torment.
You are immune to petrification.


   Skills:
 - Level 3.3 Fighting
 + Level 5.8 Ranged Weapons
 - Level 1.0 Armour
 - Level 1.5 Dodging
 - Level 1.0 Spellcasting
 - Level 2.6 Hexes


You had 6 spell levels left.
You knew the following spells:

 Your Spells              Type           Power      Damage    Failure   Level
a - Slow                  Hex            28%        N/A       22%         1

Your spell library contained the following spells:

 Spells                   Type           Power      Damage    Failure   Level
 Inner Flame              Hex/Fire       4%         N/A       73%         3
 Portal Projectile        Hex/Tloc       8%         N/A       73%         3
 Cause Fear               Hex            3%         N/A       91%         4

Inventory:

Hand Weapons
 d - a +0 shortbow (weapon)
Armour
 h - a +0 ring mail (worn)
Jewellery
 e - a ring of protection from cold (left hand)
 f - a +4 ring of slaying (right hand) {mikee}
 g - an amulet of guardian spirit
Scrolls
 a - a scroll of identify
Potions
 b - 3 potions of curing
 c - a potion of haste
 j - 2 potions of heal wounds {unknown}

Dungeon Overview and Level Annotations

Branches:
Dungeon (4/15)             Temple (1/1) D:4

Altars:
Ashenzari
Dithmenos
Fedhas
Gozag
Makhleb
Sif Muna
Trog
Xom
Yredelemnul
Zin
The Shining One

Shops:
D:3 *


Message History

A goblin comes into view. It is wielding a +0 club.
A yak comes into view.
You shoot an arrow. The arrow completely misses the yak.
The goblin shouts!
You shoot an arrow. The arrow hits the yak.
The yak is lightly wounded.
A giant cockroach comes into view.
You shoot an arrow. The arrow closely misses the yak.
You shoot an arrow. The arrow hits the yak!
The yak is moderately wounded.
The yak gores you.
You shoot an arrow. The arrow barely misses the yak.
The giant cockroach waves its antennae.
The goblin misses you. The yak gores you.
You shoot an arrow. The arrow hits the yak!
The yak is heavily wounded.
The goblin barely misses you. The yak barely misses you.
The giant cockroach bites you but does no damage.
The yak gores you! The goblin hits you but does no damage.
You shoot an arrow. The arrow hits the yak.
The yak is heavily wounded.
The giant cockroach bites you but does no damage.
The goblin closely misses you. The yak closely misses you.
You shoot an arrow. The arrow hits the yak.
The yak is severely wounded.
The giant cockroach bites you. The goblin closely misses you.
The yak closely misses you. The giant cockroach closely misses you.
You shoot an arrow. The arrow barely misses the yak.
The giant cockroach bites you but does no damage.
The goblin hits you but does no damage. The yak gores you.
You shoot an arrow. The arrow hits the yak.
The yak is severely wounded.
The giant cockroach bites you. The goblin hits you but does no damage.
The yak gores you. The giant cockroach misses you.
You shoot an arrow. The arrow hits the yak!
The yak is almost dead.
The goblin hits you but does no damage. The yak gores you!
The giant cockroach bites you but does no damage.
The goblin barely misses you. The yak gores you.
You die...

# ## #.. ~~~.~# #..
b###.# ###.. #.#. ###
~#.#####.####.... .#
#.##...........#
.##..# #.##.....g...?#
.##..# #.##....@Y..)#
b##..# #........B..#.#
b##..####.##.......##
###.......##......#.#
......#..###......#..#
..............###.#
#.# #>.<#...).....#
..# #:#
##............# .#.#
#. #.............#
.#..#


You could see a yak, a giant cockroach, a goblin and a bat.

Vanquished Creatures
  A hound (D:4)
  2 orc priests (D:4)
  4 orc wizards (D:4)
  9 adders
  2 worms (D:3)
  3 dart slugs
  4 orcs (D:4)
  3 ball pythons
  4 bats
  4 endoplasms
  A giant cockroach (D:2)
  4 hobgoblins
  6 jackals
  A quokka (D:1)
  3 frilled lizards
  10 goblins
  9 kobolds
  5 rats
75 creatures vanquished.

Vanquished Creatures (others)
  An adder (D:4)
1 creature vanquished.

Grand Total: 76 creatures vanquished

Notes
Turn   | Place    | Note
-------+----------+-------------------------------------------
     0 | D:1      | qw the Gargoyle Hexslinger began the quest for the Orb.
     0 | D:1      | Reached XP level 1. HP: 12/12 MP: 2/2
     0 | D:1      | 0 ||| qw: Version: 0.3-a-51-g015441d
     0 | D:1      | 0 ||| qw: Game counter: 4142
     0 | D:1      | 0 ||| qw: Melee chars always use a shield: true
     0 | D:1      | 0 ||| qw: God list: Okawaru
     0 | D:1      | 0 ||| qw: Allow faded altars: false
     0 | D:1      | 0 ||| qw: Do Orc after clearing Dungeon:15 true
     0 | D:1      | 0 ||| qw: Do second Lair branch before Depths: true
     0 | D:1      | 0 ||| qw: Lair rune preference: random
     0 | D:1      | 0 ||| qw: Goals: Normal
     0 | D:1      | 0 ||| PLANNING D:1-11
   164 | D:1      | Reached XP level 2. HP: 16/16 MP: 3/3
   223 | D:1      | Reached skill level 3 in Ranged Weapons
   349 | D:1      | Reached XP level 3. HP: 21/21 MP: 4/4
   383 | D:1      | Found a faded altar of an unknown god.
   651 | D:1      | 651 ||| UPGRADING to +0 ring mail.
   661 | D:1      | 661 ||| DROPPING +0 robe.
   662 | D:1      | 662 ||| UPGRADING to ring of protection from cold.
   663 | D:1      | 663 ||| UPGRADING to +4 ring of slaying {mikee}.
   664 | D:1      | 664 ||| READING scroll labelled EXUPSIOPRE.
   665 | D:1      | 665 ||| READING scroll labelled ZEFIELIM ARUY.
   666 | D:1      | 666 ||| READING scroll labelled HEOPODUVIDE.
   667 | D:1      | 667 ||| DROPPING scroll of poison.
   791 | D:2      | Reached XP level 4. HP: 22/26 MP: 5/5
   796 | D:2      | Reached skill level 4 in Ranged Weapons
  1068 | D:2      | 1068 ||| READING scroll labelled HOTA VAYHURA.
  1073 | D:2      | 1073 ||| READING 4 scrolls of identify.
  1073 | D:2      | 1073 ||| IDENTIFYING red potion
  1074 | D:2      | 1074 ||| READING 3 scrolls of identify.
  1074 | D:2      | 1074 ||| IDENTIFYING amethyst potion
  1075 | D:2      | 1075 ||| READING 2 scrolls of identify.
  1075 | D:2      | 1075 ||| IDENTIFYING fuming emerald potion
  1076 | D:2      | 1076 ||| DROPPING potion of ambrosia.
  1119 | D:3      | Reached skill level 1 in Armour
  1136 | D:3      | Found Sestruggi's Assorted Antiques.
  1144 | D:3      | 1144 ||| SHOPLISTING helmet (121 gold, have 47).
  1144 | D:3      | 1144 ||| SHOPLISTING potion of curing (81 gold, have 47).
  1144 | D:3      | 1144 ||| BUYING scroll labelled ABRU NOONN (27 gold).
  1144 | D:3      | Bought a scroll labelled ABRU NOONN for 27 gold pieces
  1144 | D:3      | 1144 ||| SHOPLISTING scroll labelled ABRU NOONN (27 gold,
                  | have 20).
  1144 | D:3      | 1144 ||| SHOPLISTING scroll of teleportation (81 gold, have
                  | 20).
  1144 | D:3      | 1144 ||| READING scroll labelled KISHROWK DEGYME.
  1145 | D:3      | 1145 ||| READING scroll labelled ABRU NOONN.
  1278 | D:3      | Found a broken altar of Ashenzari.
  1284 | D:3      | 1284 ||| READING scroll labelled RASHIRH WYSHEQ.
  1285 | D:3      | 1285 ||| READING 2 scrolls of identify.
  1285 | D:3      | 1285 ||| IDENTIFYING purple potion
  1286 | D:3      | 1286 ||| DROPPING potion of magic.
  1355 | D:3      | Reached XP level 5. HP: 30/30 MP: 6/6
  1746 | D:3      | Found a shimmering blue altar of Sif Muna.
  1760 | D:3      | Reached skill level 5 in Ranged Weapons
  1881 | D:3      | 1881 ||| READING scroll labelled KEOL ZUOCAU.
  1882 | D:3      | 1882 ||| READING 2 scrolls of identify.
  1882 | D:3      | 1882 ||| IDENTIFYING bubbling puce potion
  1883 | D:3      | 1883 ||| DROPPING potion of degeneration.
  1918 | D:4      | Found a bloodstained altar of Trog.
  1955 | D:4      | Reached skill level 3 in Fighting
  1999 | D:4      | 1999 ||| SWAPPING to +0 shortbow.
  2000 | D:4      | 2000 ||| DROPPING +2 sling.
  2007 | D:4      | Found a staircase to the Ecumenical Temple.
  2009 | D:4      | 2009 ||| PLANNING TEMPLE
  2009 | D:4      | 2009 ||| READING 2 scrolls of identify.
  2009 | D:4      | 2009 ||| IDENTIFYING bubbling golden potion
  2010 | D:4      | 2010 ||| DROPPING potion of lignification.
  2019 | Temple   | Entered the Ecumenical Temple
  2133 | Temple   | 2133 ||| PLANNING D:1-11
  2166 | D:4      | 2166 ||| Stepping ~*~*~tactically~*~*~ (outnumbered).
  2168 | D:4      | 2168 ||| Stepping ~*~*~tactically~*~*~ (outnumbered).
  2170 | D:4      | 2170 ||| Stepping ~*~*~tactically~*~*~ (outnumbered).
  2174 | D:4      | 2174 ||| Stepping ~*~*~tactically~*~*~ (outnumbered).
  2183 | D:4      | Reached XP level 6. HP: 34/37 MP: 7/7
  2244 | D:4      | Identified the +0 leather armour "Neotwig" {rElec}
  2265 | D:4      | Noticed a yak
  2276 | D:4      | HP: 2/37 [yak (13)]
  2276 | D:4      | Slain by a yak

Levels and vault maps discovered:
D:1:      dpeg_arrival_castle, layout_loops_ring,
          shapermc_ecumenical_altar_pompeii
D:2:      layout_rooms
D:3:      layout_basic, mainiacjoe_overflow_surrounded_room,
          nicolae_ashenzari_skybound, serial_shops, nicolae_square_shop
D:4:      layout_rooms, kennysheep_mini, general_overflow_altar,
          minmay_temple_entry_mini_moons, serial_aquarium,
          aquarium_bridge_square [aquarium_subvault_bridge,
          aquarium_subvault_window, aquarium_subvault_bridge,
          aquarium_subvault_wall], aquarium_window_1, aquarium_window_corner,
          aquarium_window_2, aquarium_view_2g, aquarium_balcony_1a,
          aquarium_pool_corner, hangedman_decor_riveting, minmay_manual_mail
Temple:   nicolae_temple_godpark

Skill      XL: |  1  2  3  4  5 |
---------------+----------------+-----
Ranged Weapons | 3 4 5 |  5.8
Fighting       | 2 3 |  3.3
Armour         | 1 |  1.0
Dodging        | |  1.5
Spellcasting   | |  1.0
Hexes          | |  2.6

Action                     |  1- 3 |  4- 6 || total
---------------------------+-------+-------++-------
   Fire: Sling             |    97 |    84 ||   181
         Shortbow          |       |    42 ||    42
    Use: Scroll            |     3 |    11 ||    14
 Armour: Robe              |     8 |       ||     8
         Ring mail         |     7 |    48 ||    55
  Dodge: Dodged            |    20 |    25 ||    45

Table legend:
 A = Non-vault XP
 B = Vault XP
 C = Vault XP percentage of total XP
 D = Non-vault monster count
 E = Vault monster count
 F = Vault count percentage of total count
                 A         B        C        D         E       F
            +---------+---------+-------+---------+---------+-------
      Total |     463 |       2 |   0.4 |      75 |       1 |   1.3
            +---------+---------+-------+---------+---------+-------
        D:1 |      41 |       0 |   0.0 |      23 |       0 |   0.0
        D:2 |      69 |       0 |   0.0 |      18 |       0 |   0.0
        D:3 |     108 |       0 |   0.0 |      21 |       0 |   0.0
        D:4 |     245 |       2 |   0.8 |      13 |       1 |   7.1
            +---------+---------+-------+---------+---------+-------
